 Dungeon Crawl Stone Soup version 0.28-a0-1638-g9123634e07 (webtiles) character file.

Game seed: 14389112420097883987

60 vineage the Skirmisher (level 4, -2/29 HPs)
             Began as a Gargoyle Fighter on Jan 25, 2022.
             Killed from afar by Ijyb (11 damage)
             ... with a puff of flame
             ... on level 2 of the Dungeon.
             The game lasted 00:01:39 (2441 turns).

vineage the Skirmisher (Gargoyle Fighter)           Turns: 2441, Time: 00:01:40

Health: -2/29      AC: 10    Str: 19    XL:     4   Next: 4%
Magic:  4/4        EV:  9    Int:  9    God:
Gold:   53         SH:  4    Dex: 11    Spells: 3/3 levels left

rFire   . . .      SeeInvis .   a - +0 flail
rCold   . . .      Faith    .   c - +0 buckler
rNeg    + . .      Spirit   .   b - +0 scale mail
rPois   ∞          Reflect  .   (no helmet)
rElec   +          Harm     .   (no cloak)
rCorr   .          Rampage  .   (no gloves)
Will    .....                   (no boots)
Stlth   ..........              (no amulet)
HPRegen 0.09/turn               (no ring)
MPRegen 0.09/turn               (no ring)

@: no status effects
A: sickness immunity, AC +3, negative energy resistance 1, electricity
resistance, torment resistance 1, petrification resistance
a: no special abilities


You were on level 2 of the Dungeon.
You visited 1 branch of the dungeon, and saw 3 of its levels.

You collected 53 gold pieces.

Inventory:

Hand Weapons
 a - a +0 flail (weapon)
Armour
 b - a +0 scale mail (worn)
 c - a +0 buckler (worn)
Scrolls
 i - a scroll of magic mapping {unknown}
 j - a scroll of noise {unknown}
 k - a scroll of fear {unknown}
Potions
 d - a potion of might
 e - a potion of magic
 f - 3 potions of curing
 l - a potion of heal wounds {unknown}


   Skills:
 * Level 4.2 Fighting
 + Level 2.5 Maces & Flails
 + Level 3.7 Armour
 + Level 3.7 Shields


You had 3 spell levels left.
You didn't know any spells.
Your spell library contained the following spells:

 Spells                   Type           Power      Damage    Failure   Level
 Petrify                  Tmut/Erth      0%         N/A       100%        4
 Irradiate                Conj/Tmut      0%         3d14      100%        5
 Sublimation of Blood     Necr           Unusable   N/A       N/A         2

Dungeon Overview and Level Annotations

Branches:
Dungeon (3/15)

Altars:

Annotations:
D:2 Ijyb


Innate Abilities, Weirdness & Mutations

You are immune to sickness and miasma.
Your stone body is resilient. (AC +3)
You are immune to poison.
You resist negative energy. (rN+)
You are resistant to electric shocks. (rElec)
You are resistant to unholy torment.
You are immune to petrification.


Message History

You are too injured to fight recklessly!
You are too injured to fight recklessly!
You are too injured to fight recklessly!
You are too injured to fight recklessly!
You feel better. Ijyb closely misses you.
You hit Ijyb but do no damage. Ijyb hits you with a +0 club.
You barely miss Ijyb. Ijyb hits you but does no damage.
You barely miss Ijyb.
Ijyb zaps a wand.
The puff of flame hits you but does no damage.
Ijyb hits you with a +0 club.
You completely miss Ijyb. Ijyb hits you but does no damage.
You hit Ijyb but do no damage.
Ijyb zaps a wand.
The puff of flame hits you but does no damage.
You miss Ijyb. Ijyb barely misses you.
You hit Ijyb.
Ijyb is moderately wounded.
You block Ijyb's attack. Ijyb closely misses you.
You barely miss Ijyb.
Ijyb is moderately wounded.
Ijyb hits you but does no damage.
You hit Ijyb.
Ijyb is heavily wounded.
Ijyb hits you but does no damage.
You hit Ijyb.
Ijyb is heavily wounded.
Ijyb misses you. Ijyb hits you but does no damage.
You closely miss Ijyb.
Ijyb is heavily wounded.
Ijyb screams, "I dance on your bones!" Ijyb barely misses you.
You hit Ijyb.
Ijyb is severely wounded.
Ijyb hits you with a +0 club.
You hit Ijyb.
Ijyb is almost dead.
Ijyb hits you with a +0 club. Ijyb hits you but does no damage.
You closely miss Ijyb.
Ijyb is almost dead.
Ijyb zaps a wand.
The puff of flame hits you!
You die...

...........####....#######
..............#..........######
..............#...............#
..............#...............#
######........#...............#
.# #........#......##########
.# #.(......#............#
.#####........#..g.........#
.............)..@..........#
..#.........###............#
#.#.........###............#
#.#........................#
#.......###................#
##.########................#
##........#.......##....####
##........#...............#
..........'...............#


You could see Ijyb.

Vanquished Creatures
  An adder (D:2)
  A dart slug (D:1)
  7 ball pythons
  3 bats (D:1)
  5 endoplasms
  2 giant cockroaches (D:1)
  4 hobgoblins
  3 jackals (D:1)
  2 quokkas
  2 frilled lizards
  3 goblins
  6 kobolds
  5 rats
  A spectral kobold (D:1)
45 creatures vanquished.

Notes
Turn   | Place    | Note
-------+----------+-------------------------------------------
     0 | D:1      | vineage the Gargoyle Fighter began the quest for the Orb.
     0 | D:1      | Reached XP level 1. HP: 14/14 MP: 1/1
   338 | D:1      | Reached XP level 2. HP: 19/19 MP: 2/2
   867 | D:1      | Reached XP level 3. HP: 24/24 MP: 3/3
   871 | D:1      | Found a faded altar of an unknown god.
  1230 | D:1      | Reached skill level 4 in Fighting
  1878 | D:2      | Reached XP level 4. HP: 29/29 MP: 4/4
  2194 | D:3      | Noticed Ijyb
  2441 | D:2      | Killed from afar by Ijyb

Illustrated notes

Levels and vault maps discovered:
D:1:      eino_arrival_cavern_e, layout_basic,
          dreamdust_ecumenical_altar_drowned_temple, minmay_heptomino_o4
D:2:      layout_basic
D:3:      layout_basic, grunt_qazlal_clouds, lemuel_crystal_altar,
          grunt_ministairs_4, uniq_ijyb

Skill      XL: |  1  2  3 |
---------------+----------+-----
Fighting       | 4 |  4.2
Maces & Flails | |  2.5
Armour         | |  3.7
Shields        | |  3.7

Action                   |  1- 3 |  4- 6 || total
-------------------------+-------+-------++-------
Melee: Flail             |   128 |    34 ||   162
  Use: Scroll            |       |     3 ||     3
       Potion            |       |     1 ||     1
Armor: Scale mail        |    72 |    23 ||    95
Dodge: Dodged            |    57 |    15 ||    72
Block: Buckler           |    29 |     4 ||    33

Table legend: (Time is in decaauts)
 A = Elapsed time spent in this place.
 B = Non-inter-level travel time spent in this place.
 C = Inter-level travel time spent in this place.
 D = Time resting spent in this place.
 E = Time spent auto-exploring this place.
 F = Levels seen in this place.
 G = Mean time per level.
                   A        B        C        D        E       F      G
               +--------+--------+--------+--------+--------+-----+--------+
         Total |   2499 |   2459 |     40 |    199 |   1871 |   3 |  833.0 |
       Dungeon |   2499 |   2459 |     40 |    199 |   1871 |   3 |  833.0 |
               +--------+--------+--------+--------+--------+-----+--------+

Top non-repeatable levels by time:
     D:1: 1511 daAuts
     D:2: 955 daAuts
     D:3: 32 daAuts
